 Dungeon Crawl Stone Soup version 0.30.1-9-gdf580d7c3d (webtiles) character file.

Game seed: 2514309188190546386

410 Ijustatesigmund the Digger (level 6, -1/36 HPs)
             Began as a Gargoyle Earth Elementalist on Oct 19, 2023.
             Was an Initiate of the Shining One.
             Slain by Natasha (5 damage)
             ... on level 3 of the Dungeon.
             The game lasted 00:05:31 (3672 turns).

Ijustatesigmund the Digger (GrEE)                   Turns: 3672, Time: 00:05:31

Health: -1/36      AC:  5    Str: 11    XL:     6   Next: 89%
Magic:  9/10       EV: 11    Int: 18    God:    the Shining One [......]
Gold:   173        SH:  0    Dex: 10    Spells: 8/12 levels left

rFire   . . .        q - +0 whip
rCold   . . .        (no shield)
rNeg    + . .        a - +0 robe
rPois   ∞            (helmet restricted)
rElec   +            (no cloak)
rCorr   +            (no gloves)
SInv    .            (no boots)
Will    .....        (no amulet)
Stlth   +            k - ring of resist corrosion
HPRegen 0.26/turn    (no ring)
MPRegen 0.12/turn

%: no passive effects
@: glowing, invisible (but backlit and visible)
A: sickness immunity, AC +4, negative energy resistance 1, electricity
resistance, torment resistance 1, petrification resistance, antennae 1, deformed
body, low MP 1
a: Renounce Religion


You were on level 3 of the Dungeon.
You worshipped the Shining One.
The Shining One was noncommittal.
You visited 1 branch of the dungeon, and saw 3 of its levels.

You collected 173 gold pieces.

Inventory:

Hand Weapons
 p - a +5 antimagic spear
 q - a +0 whip (weapon)
Armour
 a - a +0 robe (worn)
 e - a +0 helmet
 o - a +2 helmet
 t - the +0 pair of boots of Instinct {rC+ rN+++ Str+3 Int-4}
   (You found it on level 3 of the Dungeon)

   Str:       It affects your strength (+3).
   Int:       It affects your intelligence (-4).
   rC:        It protects you from cold.
   rN:        It renders you almost immune to negative energy.
Jewellery
 k - a ring of resist corrosion (left hand)
Wands
 m - a wand of polymorph (2)
Scrolls
 d - 6 scrolls of identify {unknown}
 f - a scroll of amnesia {unknown}
 h - 2 scrolls of vulnerability {unknown}
 i - a scroll of brand weapon {unknown}
 l - a scroll of enchant armour {unknown}
 n - a scroll of enchant weapon {unknown}
 v - a scroll of fear {unknown}
Potions
 b - a potion of magic
 g - a potion of ambrosia {unknown}
 j - a potion of mutation
 s - a potion of might


   Skills:
 - Level 2.3 Fighting
 + Level 1.9 Maces & Flails
 - Level 1.5 Dodging
 - Level 2.1 Stealth
 + Level 3.5 Spellcasting
 + Level 2.9 Conjurations
 - Level 0.7 Transmutations
 + Level 5.4 Earth Magic
 + Level 2.1 Invocations


You had 8 spell levels left.
You knew the following spells:

 Your Spells              Type           Power      Damage    Failure   Level
a - Sandblast             Erth           44%        2d11      1%          1
b - Stone Arrow           Conj/Erth      36%        3d9       9%          3

Your spell library contained the following spells:

 Spells                   Type           Power      Damage    Failure   Level
 Passwall                 Tmut/Erth      11%        N/A       7%          2
 Petrify                  Tmut/Erth      14%        N/A       41%         4


Dungeon Overview and Level Annotations

Branches:
Dungeon (3/15)

Altars:
Xom
The Shining One

Annotations:
D:2 1 runed translucent door, Crazy Yiuf
D:3 Natasha


Innate Abilities, Weirdness & Mutations

You are immune to sickness and miasma.
Your stone body is resilient. (AC +4)
You are immune to poison.
You resist negative energy. (rN+)
You are resistant to electric shocks. (rElec)
You are resistant to unholy torment.
You are immune to petrification.
You have a pair of small antennae on your head.
Armour fits poorly on your strangely shaped body.
Your magical capacity is low. (-10% MP)


Message History

The orc shouts! x2
Natasha casts a spell at you. The magic dart hits you.
Casting: Sandblast (safe; 1% risk of failure)
Confirm with . or Enter, or press ? or * to list all spells.
Aiming: Sandblast (safe; 1% risk of failure)
Press: ? - help, Shift-Dir - straight line, f - Natasha
Aim: Natasha, carrying a wand of light (12) (79% to hit)
The blast of sand hits Natasha!
Natasha is almost dead.
Natasha zaps a wand.
The bolt of light hits you!!
You are confused.
Ouch! That really hurt!
You're too confused to cast spells.
It was a potion of mutation.
You feel extremely strange.
You feel less energetic.
Your body twists and deforms.
A pair of antennae grows on your head!
Your +2 helmet falls away!
Natasha hisses.
It was a potion of might.
You feel very mighty all of a sudden.
Natasha stares at you and mumbles some strange words.
The magic dart hits you!
* * * LOW HITPOINT WARNING * * *
You bump into the rock wall.
You feel less confused. Natasha claws you.
* * * LOW HITPOINT WARNING * * *
It was a potion of resistance.
You feel protected.
Natasha casts a spell.
It was a potion of cancellation.
Your magical effects are unravelling.
You feel magically purged.
You feel a little less mighty now.
Your resistance to elements expires.
Natasha barely misses you.
It was a potion of invisibility.
You become transparent, but the glow from your halo prevents you from becoming completely invisible.
The orc closely misses you. Natasha claws you.
You die...

#....#
##.#####
#....# ##.>#
######
#####..##
#..<..## ###
####.#.###
#..
###.....##
### #.....###
#..##.#
#@.##.#
.....5oh.##.#
.....oo####..
....).# ##.
...... ##
...... )....
.....


You could see Natasha, a cerulean imp (summoned) and 3 orcs.

Vanquished Creatures
  Grinder (D:3)
  Natasha (twice) (D:3)
  Robin (D:2)
  7 adders
  3 worms
  A dart slug (D:1)
  An orc (D:3)
  3 ball pythons (D:3)
  7 endoplasms
  14 goblins
  3 hobgoblins
  6 jackals (D:1)
  7 kobolds
  2 quokkas
  6 bats
  3 frilled lizards (D:1)
  6 rats
73 creatures vanquished.

Notes
Turn   | Place    | Note
-------+----------+-------------------------------------------
     0 | D:1      | Ijustatesigmund the Gargoyle Earth Elementalist began the
                  | quest for the Orb.
     0 | D:1      | Reached XP level 1. HP: 10/10 MP: 3/3
   126 | D:1      | Reached XP level 2. HP: 10/16 MP: 0/5
   234 | D:1      | Reached skill level 1 in Fighting
   311 | D:1      | Reached skill level 4 in Earth Magic
   591 | D:1      | Reached XP level 3. HP: 20/20 MP: 4/6
   595 | D:1      | Learned a level 3 spell: Stone Arrow
  1040 | D:2      | Noticed Robin
  1797 | D:2      | Reached skill level 1 in Conjurations
  1797 | D:2      | Reached XP level 4. HP: 26/26 MP: 3/7
  2112 | D:2      | Found a shimmering altar of Xom.
  2134 | D:2      | Found a faded altar of an unknown god.
  2547 | D:2      | Killed Robin
  2729 | D:2      | Found a runed translucent door.
  2730 | D:2      | Noticed Crazy Yiuf
  3043 | D:3      | Identified the +0 pair of boots of Instinct {rC+ rN+++
                  | Str+3 Int-4}
  3045 | D:3      | Reached XP level 5. HP: 31/31 MP: 7/9
  3081 | D:3      | Found a glowing golden altar of the Shining One.
  3090 | D:3      | Became a worshipper of the Shining One
  3148 | D:3      | Noticed Natasha
  3151 | D:3      | Killed Natasha
  3213 | D:3      | Noticed Natasha
  3216 | D:3      | Killed Natasha
  3257 | D:3      | Reached skill level 1 in Invocations
  3328 | D:3      | Reached skill level 5 in Earth Magic
  3475 | D:3      | Noticed Grinder
  3477 | D:3      | Paralysed by Grinder for 4 turns
  3484 | D:3      | Paralysed by Grinder for 5 turns
  3495 | D:3      | Killed Grinder
  3496 | D:3      | Reached skill level 1 in Maces & Flails
  3496 | D:3      | Reached XP level 6. HP: 36/36 MP: 3/11
  3663 | D:3      | Noticed Natasha
  3667 | D:3      | Gained mutation: Your magical capacity is low. (-10% MP)
                  | [potion of mutation]
  3667 | D:3      | Gained mutation: Armour fits poorly on your strangely
                  | shaped body. [potion of mutation]
  3667 | D:3      | Gained mutation: You have a pair of small antennae on your
                  | head. [potion of mutation]
  3672 | D:3      | Slain by Natasha

Illustrated notes

Levels and vault maps discovered:
D:1:      evilmike_arrival_hilbert_curve, layout_loops_ring
D:2:      layout_rooms, basic_altar, ebering_ecumenical_altar_petrified,
          minmay_misc_feat_square, skrybe_limestone_x, grunt_ministairs_9,
          uniq_robin, uniq_crazy_yiuf_cottage
D:3:      layout_rooms, mainiacjoe_overflow_small_starburst,
          trog_butcher_becter, minmay_misc_feat_cross, minmay_close_crescents,
          uniq_ijyb, uniq_grinder, uniq_natasha

Skill      XL: |  1  2  3  4  5 |
---------------+----------------+-----
Fighting       | 1 2 |  2.3
Earth Magic    | 4 5 |  5.4
Conjurations   | 1 2 |  2.9
Spellcasting   | 3 |  3.5
Invocations    | 2 |  2.1
Maces & Flails | 1 |  1.9
Dodging        | |  1.5
Stealth        | |  2.1
Transmutations | |  0.7

Action                     |  1- 3 |  4- 6 || total
---------------------------+-------+-------++-------
  Melee: Unarmed           |    34 |     1 ||    35
         Punch             |     1 |       ||     1
         Spear             |       |     6 ||     6
         Whip              |       |     1 ||     1
   Cast: Sandblast         |    56 |    54 ||   110
         Stone Arrow       |       |     2 ||     2
    Use: Potion            |       |     5 ||     5
 Armour: Robe              |    40 |     8 ||    48
  Dodge: Dodged            |    46 |    17 ||    63
